 Dungeon Crawl Stone Soup version 0.27.1-35-g4d5d836560 (webtiles) character file.

Game seed: 896764035096370618

107 Delamore the Sneak (level 4, 0/29 HPs)
             Began as an Octopode Brigand on Apr 12, 2022.
             Slain by a steam dragon (3 damage)
             ... on level 3 of the Dungeon.
             The game lasted 00:02:59 (2006 turns).

Delamore the Sneak (Octopode Brigand)               Turns: 2006, Time: 00:03:00

Health: 0/29       AC:  1    Str: 16    XL:     4   Next: 86%
Magic:  4/4        EV: 12    Int: 13    God:
Gold:   21         SH:  0    Dex: 14    Spells: 3/3 levels left

rFire    . . .     SeeInvis .   a - +2 dagger
rCold    . . .     Faith    .   (no shield)
rNeg     . . .     Spirit   .   (helmet restricted)
rPois    .         Reflect  .   (no amulet)
rElec    .         Harm     .   g - +6 ring of strength
rCorr    .         Rampage  .   (no ring)
Will     .....                  (no ring)
Stlth    ++++......             (no ring)
HPRegen  0.09/turn              (no ring)
MPRegen  0.09/turn              (no ring)
                                (no ring)
                                (no ring)

@: no status effects
A: almost no armour, amphibious, 8 rings, camouflage 1, gelatinous body 1,
(nimble swimmer 1), tentacles
a: no special abilities


You were on level 3 of the Dungeon.
You visited 1 branch of the dungeon, and saw 3 of its levels.

You collected 90 gold pieces.
You spent 69 gold pieces at shops.

Inventory:

Hand Weapons
 a - a +2 dagger (weapon)
Missiles
 b - 6 poisoned darts (quivered)
 c - 2 curare-tipped darts
Jewellery
 g - a +6 ring of strength (left tentacle)
Scrolls
 d - a scroll of vulnerability
 h - 2 scrolls of teleportation
 k - a scroll of fog
 l - a scroll of acquirement {unknown}
Potions
 e - a potion of lignification {unknown}
 i - 2 potions of cancellation {unknown}
 m - a potion of curing


   Skills:
 - Level 2.0 Fighting
 * Level 4.1 Short Blades
 - Level 2.0 Throwing
 - Level 1.0 Dodging
 + Level 6.5 Stealth


You had 3 spell levels left.
You didn't know any spells.
Your spell library was empty.

Dungeon Overview and Level Annotations

Branches:
Dungeon (3/15)

Altars:

Shops:
D:2 *!=::


Innate Abilities, Weirdness & Mutations

You cannot wear most types of armour.
You are amphibious.
You can wear up to eight rings at the same time.
Your skin changes colour to match your surroundings (Stealth+).
Your rubbery body absorbs attacks. (AC +1, EV +1)
((You are camouflaged near water. (Stealth+)))
You have tentacles for arms and can constrict up to eight enemies at once.


Message History

There is an escape hatch in the ceiling here.
An orc comes into view. It is wielding a +0 dagger.
An orc is nearby!
The helpless orc fails to defend itself.
You impale the orc!!
You kill the orc!
No target in view!
No target in view!
No target in view!
No target in view!
No target in view!
You see here a +0 dagger.
Found a stone staircase leading down.
Found a scroll of identify.
A steam dragon comes into view.
A steam dragon is nearby!
The steam dragon hisses angrily.
The steam dragon bites you. The steam dragon claws you.
You hit the steam dragon.
You squeeze the steam dragon, but do no damage.
The steam dragon is lightly wounded.
The steam dragon breathes steam at you. The ball of steam hits you!
Throw: 2 darts (curare)
Press: ? - help, Q - select action, (/) - cycle Shift-Dir - straight line, f - steam dragon
Aim: a steam dragon (lightly wounded, catching its breath, 60% to hit)
Okay, then.
Okay, then.
Unknown command.
Throw: throwing net
Press: ? - help, Q - select action, (/) - cycle Shift-Dir - straight line, f - steam dragon
Aim: a steam dragon (lightly wounded, catching its breath, 60% to hit)
You throw a throwing net.
The throwing net barely misses the steam dragon.
You are engulfed in a cloud of scalding steam.
* * * LOW HITPOINT WARNING * * *
The steam dragon bites you.
* * * LOW HITPOINT WARNING * * *
The steam dragon claws you.
You die...

########################
......)...............>#
##################...#.#
#.#.# #.#.# #.# # # #.#
#.###.#.# #(D@§§..#
#####§### . #.# . ... #
#.## #.. ###


You could see a steam dragon (catching breath).

Vanquished Creatures
  4 gnolls (D:2)
  An adder (D:2)
  2 dart slugs
  2 orcs
  5 ball pythons
  5 bats
  4 endoplasms (D:2)
  4 giant cockroaches
  3 goblins
  4 hobgoblins (D:2)
  5 quokkas
  8 frilled lizards
  2 kobolds (D:2)
  4 rats
53 creatures vanquished.

Vanquished Creatures (others)
  10 plants (D:2)
10 creatures vanquished.

Grand Total: 63 creatures vanquished

Notes
Turn   | Place    | Note
-------+----------+-------------------------------------------
     0 | D:1      | Delamore the Octopode Brigand began the quest for the Orb.
     0 | D:1      | Reached XP level 1. HP: 14/14 MP: 1/1
   366 | D:1      | Reached XP level 2. HP: 19/19 MP: 2/2
   407 | D:1      | Found a faded altar of an unknown god.
   688 | D:2      | Reached XP level 3. HP: 22/24 MP: 3/3
   727 | D:2      | Found Sudd's General Store.
   812 | D:2      | Found Pagrit's Distillery.
   823 | D:2      | Reached skill level 6 in Stealth
   831 | D:2      | Found Dipp's Jewellery Emporium.
  1101 | D:2      | Reached XP level 4. HP: 29/29 MP: 4/4
  1609 | D:2      | Found Peajeas's Book Shop.
  1717 | D:2      | Found Udghad Etupu's Book Shoppe.
  1883 | D:2      | Bought a potion of curing for 39 gold pieces
  1922 | D:2      | Bought a scroll of teleportation for 30 gold pieces
  2002 | D:3      | Noticed a steam dragon
  2006 | D:3      | Slain by a steam dragon

Illustrated notes

Levels and vault maps discovered:
D:1:      minmay_arrival_five_plusses, layout_rooms,
          chequers_ecumenical_altar_island
D:2:      minmay_alternating_diamond, layout_rooms, serial_shops, shop, shop,
          nicolae_shop_trees, shop, shop_statue, minmay_lizard_king
D:3:      layout_basic, lemuel_round_altar, mrwooster_statue_mirror,
          uniq_natasha, uniq_sigmund, uniq_terence

Skill      XL: |  1  2  3  4 |
---------------+-------------+-----
Short Blades   | 3 4 |  4.1
Stealth        | 6 |  6.5
Fighting       | |  2.0
Throwing       | |  2.0
Dodging        | |  1.0

Action                   |  1- 3 |  4- 6 || total
-------------------------+-------+-------++-------
Melee: Dagger            |    47 |    30 ||    77
       Constrict         |    10 |     4 ||    14
       Tentacles         |     5 |     3 ||     8
Throw: Dart              |     7 |     7 ||    14
       Throwing net      |       |     1 ||     1
  Use: Scroll            |       |     2 ||     2
 Stab: Sleeping          |    11 |     9 ||    20
       Distracted        |       |     2 ||     2
Armor: Skin              |     3 |       ||     3
Dodge: Dodged            |    21 |    10 ||    31
